 Dungeon Crawl Stone Soup version 0.22-a0-367-gb72a975 (webtiles) character file.

39 khargal the Slasher (level 3, 35/35 HPs)
             Began as a Gnoll Chaos Knight on Apr 22, 2018.
             Quit the game on level 1 of the Dungeon.
             The game lasted 00:01:35 (988 turns).

khargal the Slasher (Gnoll Chaos Knight)             Turns: 988, Time: 00:01:36

Health: 35/35      AC:  7    Str: 15    XL:     3   Next: 45%
Magic:  13/13      EV: 13    Int: 14    God:    Xom [...*..]
Gold:   35         SH:  0    Dex: 16    Spells: 3/3 levels left

rFire    . . .     SeeInvis .   a - +0 falchion (chaos)
rCold    . . .     Gourm    .   (no shield)
rNeg     . . .     Faith    .   b - +2 leather armour
rPois    .         Spirit   .   (no helmet)
rElec    +         Reflect  .   (no cloak)
rCorr    .         Harm     .   (no gloves)
MR       .....     Rnd*Rage +   (no boots)
Stlth    +.........             e - amulet of the acrobat
HPRegen  0.11/turn              g - ring of magical power
MPRegen  0.13/turn              (no ring)

@: no status effects
A: distributed training, fangs 1, thin metallic scales 1, agile 1, berserk 1,
electricity resistance, strong nose
a: Renounce Religion


You were on level 1 of the Dungeon.
You worshipped Xom.
You were a favourite toy of Xom.
You were not hungry.

You visited 1 branch of the dungeon, and saw 1 of its levels.

You collected 35 gold pieces.

Inventory:

Hand Weapons
 a - a +0 falchion of chaos (weapon)
Armour
 b - a +2 leather armour (worn)
Jewellery
 e - an amulet of the acrobat (around neck)
 g - a ring of magical power (left hand)
Scrolls
 d - a scroll of remove curse {unknown}
 h - a scroll of teleportation {unknown}
Potions
 i - a potion of invisibility {unknown}
Comestibles
 c - 2 rations


   Skills:
 + Level 6.5 Fighting
 + Level 0.7 Short Blades
 + Level 6.5 Long Blades
 + Level 0.7 Axes
 + Level 0.7 Maces & Flails
 + Level 0.7 Polearms
 + Level 0.7 Staves
 + Level 0.7 Slings
 + Level 0.7 Bows
 + Level 0.7 Crossbows
 + Level 0.7 Throwing
 + Level 4.5 Armour
 + Level 2.6 Dodging
 + Level 0.7 Stealth
 + Level 0.7 Shields
 + Level 0.7 Unarmed Combat
 + Level 0.7 Spellcasting
 + Level 0.5 Conjurations
 + Level 0.5 Hexes
 + Level 0.5 Charms
 + Level 0.5 Summonings
 + Level 0.5 Necromancy
 + Level 0.5 Translocations
 + Level 0.5 Transmutations
 + Level 0.5 Fire Magic
 + Level 0.5 Ice Magic
 + Level 0.5 Air Magic
 + Level 0.5 Earth Magic
 + Level 0.5 Poison Magic
 + Level 0.9 Invocations
 + Level 0.7 Evocations


You had 3 spell levels left.
You didn't know any spells.

Dungeon Overview and Level Annotations

Branches:
Dungeon (1/15)

Altars:
Okawaru


Innate Abilities, Weirdness & Mutations

Your experience applies equally to all skills.
You have very sharp teeth.
Your uncanny sense of smell can sniff out nearby items.
You are partially covered in thin metallic scales. (AC +2)
You are agile. (Dex +2)
You tend to lose your temper in combat.
You are resistant to electric shocks. (rElec)


Message History

Key pressed, stopping explore.
No target in view!
You open the door.
There is an open door here.
There is an open door here.
You open the door.
Key pressed, stopping explore.
No target in view!
No target in view!
There is an open door here.
You open the door.
There is an open door here.
c - 2 rations (gained 1) Done exploring.
No target in view!
No target in view!
Done exploring.
No target in view!
There is an open door here.
Are you sure you want to abandon this character and quit the game? (Confirm with "yes".)

#####.######.#
#.##.##.# #.#
##########.##.#
#.#####...##<.##.##.#
#....##...##..##.##.#
#.###.#'####..#.....#
#.##....####..##.####
#....#.....##'#..#
#.#####.......#.##
#.#######'#@....#
#....#....#'#..##
######....#.####
######## #.#
########.###
##########
#..........#
#........#
#>#.##.#.#.#
#.######.#
######.#........# #.#
#.#


There were no monsters in sight!

Vanquished Creatures
  An ooze (D:1)
  2 dart slugs (D:1)
  A giant cockroach (D:1)
  2 goblins (D:1)
  9 hobgoblins (D:1)
  2 bats (D:1)
  3 frilled lizards (D:1)
  6 kobolds (D:1)
  3 rats (D:1)
29 creatures vanquished.

Notes
Turn   | Place    | Note
-------+----------+-------------------------------------------
     0 | D:1      | khargal the Gnoll Chaos Knight began the quest for the Orb.
     0 | D:1      | Reached XP level 1. HP: 23/23 MP: 1/1
    66 | D:1      | Reached XP level 2. HP: 29/29 MP: 2/2
   298 | D:1      | XOM: harmless Tmut miscast
   306 | D:1      | XOM: harmless Chrm miscast
   347 | D:1      | XOM: harmless Summ miscast
   487 | D:1      | Reached XP level 3. HP: 35/35 MP: 3/3
   494 | D:1      | Found an iron altar of Okawaru.
   557 | D:1      | XOM: god gift: 2 bubbling pink potions {god gift}
   562 | D:1      | Gained mutation: You are clumsy. (Dex -2) [potion of mutation]
   562 | D:1      | Gained mutation: You expend magic power (3 MP) to strengthen your wands. [potion of mutation]
   563 | D:1      | Lost mutation: You are clumsy. (Dex -2) [potion of mutation]
   563 | D:1      | Lost mutation: You expend magic power (3 MP) to strengthen your wands. [potion of mutation]
   563 | D:1      | Gained mutation: You tend to lose your temper in combat. [potion of mutation]
   563 | D:1      | Gained mutation: You are resistant to electric shocks. (rElec) [potion of mutation]
   563 | D:1      | Gained mutation: You are agile. (Dex +2) [potion of mutation]
   563 | D:1      | Gained mutation: You are partially covered in thin metallic scales. (AC +2) [potion of mutation]
   851 | D:1      | XOM: scenery: 2 doors close
   879 | D:1      | XOM: mild Conj miscast
   988 | D:1      | Quit the game

Vault maps used:
D:1:      dpeg_arrival_short_road, okawaru_ov_weapons_minmay

Action                   || total
-------------------------++-------
Melee: Falchion          ||    70
       Bite              ||     9
  Use: Potion            ||     3
 Stab: Confused          ||     1
       Sleeping          ||     2
       Paralysed         ||     1
Armor: Leather armour    ||    21
Dodge: Dodged            ||    43
       Rpst.: Falchion   ||    21

Table legend:
 A = Spawn XP
 B = Non-spawn XP
 C = Spawn XP percentage of total XP
 D = Spawn monster count
 E = Non-spawn monster count
 F = Spawn count percentage of total count
 G = Total turns spent on level
                    A         B        C        D         E        F      G
               +---------+---------+-------+---------+---------+-------+---------
         Total |       0 |      56 |   0.0 |       0 |      29 |   0.0 |   988
               +---------+---------+-------+---------+---------+-------+---------
           D:1 |       0 |      56 |   0.0 |       0 |      29 |   0.0 |   988
               +---------+---------+-------+---------+---------+-------+---------
